IL
SYRACUSE CHIEFS @ NORFOLK TIDES
06/03/2099
 
TOP OF THE 1ST
Syracuse Chiefs batting - Pitching for Norfolk Tides : RHP Eric Dick
Pitching: RHP Eric Dick
Batting: RHB Ryan Carey 0-0: Called Strike
0-1: Ball
1-1: Ball
2-1: Hit by Pitch
Batting: LHB Gene Ratcliff 0-0: Called Strike
0-1: Ball
1-1: Fly out, F8 (Flyball, 78M, EV 87.5 MPH)
Batting: LHB Tom Monroe 0-0: Ball
1-0: Ball
2-0: Ball
3-0: Called Strike
3-1: Foul Ball, location: 2F
3-2: Foul Ball, location: 2F
3-2: Fly out, F9 (Flyball, 9D, EV 102.5 MPH)
Batting: LHB Jesus Medrano 0-0: Ball
1-0: Ball
2-0: Called Strike
2-1: Foul Ball, location: 2F
2-2: Foul Ball, location: 2F
2-2: Strikes out looking
Top of the 1st over - 0 runs, 0 hits, 0 errors, 1 left on base; Syracuse 0 - Norfolk 0
BOTTOM OF THE 1ST
Norfolk Tides batting - Pitching for Syracuse Chiefs : RHP Zach Purvis
Pitching: RHP Zach Purvis
Batting: LHB Andres Lopez 0-0: Ball
1-0: DOUBLE (Groundball, 3L, EV 105.6 MPH)
Batting: RHB Lloyd Hallamore 0-0: Ground out 5-3 (Groundball, 56S, EV 63.1 MPH)
Batting: RHB Anthon de Graauw 0-0: Called Strike
0-1: Ground out 6-3 (Groundball, 6, EV 85.0 MPH)
Batting: LHB Kevin Traynham 0-0: Ball
1-0: Ball
2-0: SINGLE (Groundball, 34D, EV 99.4 MPH)
Andres Lopez to third
Runner from 3rd tries for Home, SAFE, throw by RF to home
Batting: RHB Dale Norvell 0-0: Ball
1-0: Ball
2-0: Ball
3-0: Base on Balls
Kevin Traynham to second
Batting: LHB Isaiah Brown 0-0: Ball
1-0: Swinging Strike
1-1: Called Strike
1-2: Ball
2-2: Strikes out looking
Bottom of the 1st over - 1 run, 2 hits, 0 errors, 2 left on base; Syracuse 0 - Norfolk 1
TOP OF THE 2ND
Syracuse Chiefs batting - Pitching for Norfolk Tides : RHP Eric Dick
Batting: RHB Omar Flores 0-0: Called Strike
0-1: Swinging Strike
0-2: Ball
1-2: Strikes out swinging
Batting: RHB Steve Miles 0-0: Foul Ball, location: 5F
0-1: Ball
1-1: Foul Ball, location: 3SF
1-2: Ball
2-2: Strikes out looking
Batting: RHB Kevin Lyons 0-0: Foul Ball, location: 2F
0-1: Foul Ball, location: 2F
0-2: Ball
1-2: Ball
2-2: SINGLE (Line Drive, 7S, EV 98.8 MPH)
Batting: RHB Brandon Blankenship 0-0: Called Strike
0-1: Called Strike
0-2: Strikes out swinging
Top of the 2nd over - 0 runs, 1 hit, 0 errors, 1 left on base; Syracuse 0 - Norfolk 1
BOTTOM OF THE 2ND
Norfolk Tides batting - Pitching for Syracuse Chiefs : RHP Zach Purvis
Pitching: RHP Khac-Kham Mai
Batting: RHB George Champagne 0-0: Ball
1-0: Called Strike
1-1: Foul Ball, location: 2F
1-2: Strikes out swinging
Batting: RHB Evan Keaton 0-0: SINGLE (Line Drive, 8RS, EV 90.6 MPH)
Batting: RHB Gene Wilcox 0-0: Ball
1-0: Ball
Wild Pitch!
Evan Keaton to second
2-0: Ball
3-0: Called Strike
3-1: Base on Balls
Batting: LHB Andres Lopez 0-0: Ball
1-0: Called Strike
1-1: Fielders Choice at 2nd, 3-6 (Groundball, 3, EV 90.6 MPH)
Evan Keaton to third
Batting: RHB Lloyd Hallamore 0-0: Called Strike
0-1: Fly out, F8 (Flyball, 8LD, EV 101.3 MPH)
Bottom of the 2nd over - 0 runs, 1 hit, 0 errors, 2 left on base; Syracuse 0 - Norfolk 1
TOP OF THE 3RD
Syracuse Chiefs batting - Pitching for Norfolk Tides : RHP Eric Dick
Batting: RHB Faical Giraldes 0-0: Ball
1-0: Called Strike
1-1: Ball
2-1: Ground out 5-3 (Groundball, 56S, EV 62.5 MPH)
Batting: RHB Ryan Carey 0-0: Ball
1-0: Foul Ball, location: 25F
1-1: Ball
2-1: Ball
3-1: Fly out, F9 (Flyball, 9S, EV 85.6 MPH)
Batting: LHB Gene Ratcliff 0-0: Ground out 6-3 (Groundball, 6, EV 81.3 MPH)
Top of the 3rd over - 0 runs, 0 hits, 0 errors, 0 left on base; Syracuse 0 - Norfolk 1
BOTTOM OF THE 3RD
Norfolk Tides batting - Pitching for Syracuse Chiefs : RHP Khac-Kham Mai
Batting: RHB Anthon de Graauw 0-0: Foul Ball, location: 2F
0-1: Ball
1-1: Ball
2-1: Foul Ball, location: 2F
2-2: Fly out, F8 (Flyball, 8RD, EV 92.5 MPH)
Batting: LHB Kevin Traynham 0-0: Ball
1-0: Swinging Strike
1-1: Ball
2-1: Ball
3-1: Fly out, F4 (Popup, 4M, EV 65.6 MPH)
Batting: RHB Dale Norvell 0-0: Called Strike
0-1: Foul Ball, location: 3F
0-2: Strikes out swinging
Bottom of the 3rd over - 0 runs, 0 hits, 0 errors, 0 left on base; Syracuse 0 - Norfolk 1
TOP OF THE 4TH
Syracuse Chiefs batting - Pitching for Norfolk Tides : RHP Eric Dick
Batting: LHB Tom Monroe 0-0: Called Strike
0-1: Ball
1-1: Foul Ball, location: 9LSF
1-2: Foul Ball, location: 2F
1-2: Strikes out swinging
Batting: LHB Jesus Medrano 0-0: Ball
1-0: Ball
2-0: Ball
3-0: Base on Balls
Batting: RHB Omar Flores 0-0: Foul Ball, location: 2F
0-1: Ball
Wild Pitch!
Jesus Medrano to second
1-1: Swinging Strike
1-2: Strikes out swinging
Batting: RHB Steve Miles 0-0: Ball
1-0: Ball
2-0: Foul Ball, location: 2F
2-1: Ball
3-1: 2-RUN HOME RUN (Flyball, 7D, EV 98.1 MPH), Distance : 384 ft
Batting: RHB Kevin Lyons 0-0: Ball
1-0: Foul Ball, location: 2F
1-1: SINGLE (Line Drive, 6MD, EV 101.3 MPH)
Batting: RHB Brandon Blankenship 0-0: Swinging Strike
0-1: Ball
1-1: Foul Ball, location: 9LDF
1-2: Ball
2-2: Ball
3-2: Strikes out swinging
Top of the 4th over - 2 runs, 2 hits, 0 errors, 1 left on base; Syracuse 2 - Norfolk 1
BOTTOM OF THE 4TH
Norfolk Tides batting - Pitching for Syracuse Chiefs : RHP Khac-Kham Mai
Batting: LHB Isaiah Brown 0-0: Called Strike
0-1: Ball
1-1: Ball
2-1: Ball
3-1: Called Strike
3-2: SINGLE (Line Drive, 6MD, EV 101.9 MPH)
Batting: RHB George Champagne 0-0: Called Strike
0-1: Ball
1-1: Foul Ball, location: 2F
1-2: Foul Ball, location: 2F
1-2: Foul Ball, location: 9LMF
1-2: Foul Ball, location: 5FF
1-2: Ball
2-2: Fly out, F8 (Flyball, 8RD, EV 105.6 MPH)
Batting: RHB Evan Keaton 0-0: Fly out, F8 (Flyball, 8RM, EV 90.0 MPH)
Batting: RHB Gene Wilcox 0-0: Ball
1-0: Foul Ball, location: 23F
1-1: Ball
2-1: Fly out, F9 (Flyball, 9LM, EV 95.0 MPH)
Bottom of the 4th over - 0 runs, 1 hit, 0 errors, 1 left on base; Syracuse 2 - Norfolk 1
TOP OF THE 5TH
Syracuse Chiefs batting - Pitching for Norfolk Tides : RHP Eric Dick
Batting: RHB Faical Giraldes 0-0: Called Strike
0-1: Called Strike
0-2: Ball
1-2: Foul Ball, location: 5SF
1-2: Strikes out looking
Batting: RHB Ryan Carey 0-0: Ball
1-0: Ball
2-0: Called Strike
2-1: Ball
3-1: Called Strike
3-2: Foul Ball, location: 9LDF
3-2: Foul Ball, location: 2F
3-2: Base on Balls
Batting: LHB Gene Ratcliff 0-0: Fly out, F9 (Flyball, 9, EV 90.0 MPH)
Batting: LHB Tom Monroe 0-0: Called Strike
0-1: Ball
1-1: SINGLE (Groundball, 6MS, EV 72.5 MPH) (infield hit)
Ryan Carey to second
Batting: LHB Jesus Medrano 0-0: Ball
1-0: Ball
2-0: Ball
3-0: Base on Balls
Ryan Carey to third
Tom Monroe to second
Batting: RHB Omar Flores 0-0: Ball
1-0: Called Strike
1-1: Ball
2-1: Ball
3-1: Called Strike
3-2: Strikes out swinging
Top of the 5th over - 0 runs, 1 hit, 0 errors, 3 left on base; Syracuse 2 - Norfolk 1
BOTTOM OF THE 5TH
Norfolk Tides batting - Pitching for Syracuse Chiefs : RHP Khac-Kham Mai
Batting: LHB Andres Lopez 0-0: Ball
1-0: Ball
2-0: Ball
3-0: Base on Balls
Batting: RHB Lloyd Hallamore 0-0: Called Strike
0-1: Called Strike
0-2: Ball
1-2: Fielders Choice at 2nd, 4-6 (Groundball, 4, EV 86.3 MPH)
Batting: RHB Anthon de Graauw 0-0: Ball
1-0: Ball
2-0: Foul Ball, location: 25F
2-1: Foul Ball, location: 23F
2-2: Ball
3-2: Ground out 5-3 (Groundball, 56, EV 106.3 MPH)
Lloyd Hallamore to second
Batting: LHB Kevin Traynham 0-0: SINGLE (Groundball, 4D, EV 98.8 MPH)
Lloyd Hallamore to third
Runner from 3rd tries for Home, SAFE, throw by RF to home
Batting: RHB Dale Norvell 0-0: Ground out 4-3 (Groundball, 4, EV 79.4 MPH)
Bottom of the 5th over - 1 run, 1 hit, 0 errors, 1 left on base; Syracuse 2 - Norfolk 2
TOP OF THE 6TH
Syracuse Chiefs batting - Pitching for Norfolk Tides : RHP Eric Dick
Batting: RHB Steve Miles 0-0: Ball
1-0: Foul Ball, location: 25F
1-1: Ground out 5-3 (Groundball, 5, EV 86.3 MPH)
Batting: RHB Kevin Lyons 0-0: Ball
1-0: Swinging Strike
1-1: Swinging Strike
1-2: Ball
2-2: SINGLE (Line Drive, 78S, EV 100.0 MPH)
Batting: RHB Brandon Blankenship 0-0: Ball
1-0: SINGLE (Groundball, 6MD, EV 101.9 MPH)
Kevin Lyons to second
Pitching: RHP Kevin King
Batting: RHB Faical Giraldes 0-0: Ground out 6-3 (Groundball, 6, EV 64.4 MPH)
Kevin Lyons to third
Brandon Blankenship to second
Batting: RHB Ryan Carey 0-0: Ball
1-0: Ball
2-0: Ball
3-0: Base on Balls
Batting: LHB Gene Ratcliff 0-0: Ball
1-0: Ball
2-0: SINGLE (Groundball, 4MD, EV 107.5 MPH)
Kevin Lyons scores
Brandon Blankenship to third
Ryan Carey to second
Runner from 3rd tries for Home, SAFE, throw by CF to home
Batting: LHB Tom Monroe 0-0: Ball
1-0: 3-RUN HOME RUN (Flyball, 9D, EV 98.8 MPH), Distance : 383 ft
Pitching: LHP Mike Brown
Batting: LHB Jesus Medrano 0-0: Swinging Strike
0-1: Swinging Strike
0-2: Strikes out swinging
Top of the 6th over - 5 runs, 4 hits, 0 errors, 0 left on base; Syracuse 7 - Norfolk 2
BOTTOM OF THE 6TH
Norfolk Tides batting - Pitching for Syracuse Chiefs : RHP Khac-Kham Mai
Batting: LHB Isaiah Brown 0-0: Swinging Strike
0-1: Ball
1-1: Ball
2-1: Foul Ball, location: 7LSF
2-2: Fly out, F8 (Flyball, 8LM, EV 76.3 MPH)
Batting: RHB George Champagne 0-0: Ball
1-0: Ball
2-0: Ball
3-0: Base on Balls
Batting: RHB Evan Keaton 0-0: Swinging Strike
0-1: SINGLE (Groundball, 34D, EV 104.4 MPH)
George Champagne to second
Batting: RHB Gene Wilcox 0-0: Called Strike
0-1: Ball
1-1: Fly out, F8 (Flyball, 8RS, EV 89.4 MPH)
Batting: LHB Andres Lopez 0-0: Fly out, F8 (Flyball, 78S, EV 78.1 MPH)
Bottom of the 6th over - 0 runs, 1 hit, 0 errors, 2 left on base; Syracuse 7 - Norfolk 2
TOP OF THE 7TH
Syracuse Chiefs batting - Pitching for Norfolk Tides : LHP Mike Brown
Batting: RHB Omar Flores 0-0: Ball
1-0: Ball
2-0: Called Strike
2-1: Ball
3-1: Base on Balls
Batting: RHB Steve Miles 0-0: Ball
1-0: Fly out, F8 (Flyball, 8RS, EV 86.9 MPH)
Batting: RHB Kevin Lyons 0-0: Ball
1-0: Grounds into double play, 1-6-3 (Groundball, 13, EV 73.8 MPH)
Top of the 7th over - 0 runs, 0 hits, 0 errors, 0 left on base; Syracuse 7 - Norfolk 2
BOTTOM OF THE 7TH
Norfolk Tides batting - Pitching for Syracuse Chiefs : RHP Khac-Kham Mai
Batting: RHB Lloyd Hallamore 0-0: Ball
1-0: Foul Ball, location: 5F
1-1: Foul Ball, location: 9LMF
1-2: Fly out, F8 (Flyball, 78M, EV 91.3 MPH)
Batting: RHB Anthon de Graauw 0-0: Called Strike
0-1: Ball
1-1: Called Strike
1-2: Fly out, F4 (Popup, 4D, EV 55.6 MPH)
Batting: LHB Kevin Traynham 0-0: Foul Ball, location: 2F
0-1: Ball
1-1: Foul Ball, location: 9LDF
1-2: Foul Ball, location: 7LDF
1-2: Fly out, F8 (Flyball, 78S, EV 88.8 MPH)
Bottom of the 7th over - 0 runs, 0 hits, 0 errors, 0 left on base; Syracuse 7 - Norfolk 2
TOP OF THE 8TH
Syracuse Chiefs batting - Pitching for Norfolk Tides : LHP Mike Brown
Batting: RHB Brandon Blankenship 0-0: DOUBLE (Line Drive, 7LM, EV 98.1 MPH)
Batting: RHB Faical Giraldes 0-0: Ball
1-0: Called Strike
1-1: Called Strike
1-2: Foul Ball, location: 5F
1-2: Ball
2-2: Foul Ball, location: 2F
2-2: Ball
3-2: Fly out, F8 (Flyball, 8RS, EV 85.6 MPH)
Batting: RHB Ryan Carey 0-0: Called Strike
0-1: Ball
1-1: Foul Ball, location: 2F
1-2: Strikes out swinging
Batting: LHB Gene Ratcliff 0-0: Called Strike
0-1: Foul Ball, location: 25F
0-2: Ground out 4-3 (Groundball, 4S, EV 67.5 MPH)
Top of the 8th over - 0 runs, 1 hit, 0 errors, 1 left on base; Syracuse 7 - Norfolk 2
BOTTOM OF THE 8TH
Norfolk Tides batting - Pitching for Syracuse Chiefs : RHP Khac-Kham Mai
Batting: RHB Dale Norvell 0-0: Called Strike
0-1: Foul Ball, location: 9LMF
0-2: Ball
1-2: Ball
2-2: Foul Ball, location: 2F
2-2: Fly out, F4 (Line Drive, 4M, EV 66.3 MPH)
Batting: LHB Isaiah Brown 0-0: Foul Ball, location: 2F
0-1: Ball
1-1: Ball
2-1: Foul Ball, location: 2F
2-2: Ground out 4-3 (Groundball, 4M, EV 101.3 MPH)
Batting: RHB George Champagne 0-0: Ball
1-0: Called Strike
1-1: Foul Ball, location: 2F
1-2: Strikes out looking
Bottom of the 8th over - 0 runs, 0 hits, 0 errors, 0 left on base; Syracuse 7 - Norfolk 2
TOP OF THE 9TH
Syracuse Chiefs batting - Pitching for Norfolk Tides : LHP Mike Brown
Batting: LHB Tom Monroe 0-0: Called Strike
0-1: Swinging Strike
0-2: Foul Ball, location: 2F
0-2: Ball
1-2: Ball
2-2: Strikes out swinging
Batting: LHB Jesus Medrano 0-0: Ball
1-0: Ball
2-0: Ball
3-0: Called Strike
3-1: Called Strike
3-2: Foul Ball, location: 2F
3-2: Ground out U3 (Groundball, 34, EV 81.9 MPH)
Batting: RHB Omar Flores 0-0: Fly out, F7 (Flyball, 78D, EV 103.8 MPH)
Top of the 9th over - 0 runs, 0 hits, 0 errors, 0 left on base; Syracuse 7 - Norfolk 2
BOTTOM OF THE 9TH
Norfolk Tides batting - Pitching for Syracuse Chiefs : RHP Khac-Kham Mai
Batting: RHB Evan Keaton 0-0: Ball
1-0: Ball
2-0: Ball
3-0: Called Strike
3-1: Foul Ball, location: 9LSF
3-2: Base on Balls
Pitching: RHP Jacob DeLorme
Batting: RHB Gene Wilcox 0-0: Called Strike
0-1: SINGLE (Line Drive, 9LS, EV 92.5 MPH)
Evan Keaton to second
Batting: LHB Andres Lopez 0-0: Fly out, F5 (Popup, 5SF, EV 78.1 MPH)
Pinch Hitting: LHB Jayden Johnson 0-0: Ball
1-0: Called Strike
1-1: SINGLE (Groundball, 34D, EV 105.0 MPH)
Evan Keaton to third
Gene Wilcox to second
Pinch Hitting: SHB Jarrett Crawford 0-0: Foul Ball, location: 7LMF
0-1: Foul Ball, location: 2F
0-2: Foul Ball, location: 5FF
0-2: Ball
1-2: Ball
2-2: Foul Ball, location: 25F
2-2: Ball
3-2: Grounds into fielders choice 3-2 (Groundball, 3S, EV 88.1 MPH)
Gene Wilcox to third
Jayden Johnson to second
Batting: LHB Kevin Traynham 0-0: Fly out, F5 (Popup, 5SF, EV 87.5 MPH)
Bottom of the 9th over - 0 runs, 2 hits, 0 errors, 3 left on base; Syracuse 7 - Norfolk 2
Wednesday, May 8th , 2024 - OOTP Baseball 24.11 Build 85